 Dungeon Crawl Stone Soup version 0.21-a0-265-gb353147 (webtiles) character file.

3515 4thArraOfDagon the Bolt Thrower (level 10, 0/66 HPs)
             Began as a Barachi Arcane Marksman on Sept 11, 2017.
             Was a Believer of Hepliaklqana.
             Hit by a tomahawk thrown by an orc warrior (4 damage)
             ... on level 9 of the Dungeon.
             The game lasted 00:23:02 (4152 turns).

4thArraOfDagon the Bolt Thrower (BaAM)              Turns: 4152, Time: 00:23:03

Health: 0/66       AC: 15    Str: 17    XL:     10   Next: 8%
Magic:  13/14      EV: 12    Int: 16    God:    Hepliaklqana [**....]
Gold:   419        SH:  0    Dex: 13    Spells: 5/15 levels left

rFire    . . .     SeeInvis .   l - +0 dire flail (protect)
rCold    . . .     Gourm    .   (shield currently unavailable)
rNeg     + . .     Faith    .   G - +5 scale mail of Dyspraxia {rElec}
rPois    .         Spirit   .   J - +2 helmet
rElec    +         Reflect  .   (no cloak)
rCorr    .         Harm     +   (no gloves)
MR       +....                  (no boots)
Stlth    ..........             e - amulet of harm
HPRegen  0.21/turn              j - ring of protection from magic
MPRegen  0.14/turn              B - ring of positive energy

@: mighty, slow
A: +LOS, swims, reduced essence, slowness 1, strong legs 1
a: Hop, Recall Ancestor, Ancestor Identity, Renounce Religion


You were on level 9 of the Dungeon.
You worshipped Hepliaklqana.
Hepliaklqana was pleased with you.
You were not hungry.

You visited 2 branches of the dungeon, and saw 10 of its levels.

You collected 419 gold pieces.

Inventory:

Hand Weapons
 a - a +0 hand crossbow
 l - a +0 dire flail of protection (weapon)
 F - a +1 whip of electrocution
Missiles
 d - 55 bolts
 A - a tomahawk of dispersal (quivered)
Armour
 k - a +0 leather armour of magic resistance
 C - a +3 scale mail of cold resistance
 G - the +5 scale mail of Dyspraxia (worn) {rElec}
   (You took it off a gnoll on level 5 of the Dungeon)

   It insulates you from electricity.
 J - a +2 helmet (worn)
Jewellery
 e - an amulet of harm (around neck)
 h - an uncursed ring of flight
 j - a ring of protection from magic (left hand)
 n - an uncursed ring of resist corrosion
 o - an uncursed amulet of magic regeneration
 p - a +3 amulet of reflection
 B - a ring of positive energy (right hand)
Wands
 E - a wand of random effects (9/48)
Scrolls
 i - 2 scrolls of remove curse
 t - 2 scrolls of amnesia
 x - a scroll of random uselessness {unknown}
 y - a scroll of magic mapping
Potions
 b - 2 potions of flight
 z - 2 potions of resistance
Books
 c - a book of Debilitation

   Spells                             Type                      Level
   a - Corona                         Hexes                        1
   b - Slow                           Hexes                        2
   c - Inner Flame                    Hexes/Fire                   3
   d - Portal Projectile              Hexes/Translocation          3
   e - Cause Fear                     Hexes                        4
   f - Leda's Liquefaction            Hexes/Earth                  4
 H - a book of Geomancy

   Spells                             Type                      Level
   a - Sandblast                      Earth                        1
   b - Passwall                       Transmutation/Earth          2
   c - Stone Arrow                    Conjuration/Earth            3
   d - Petrify                        Transmutation/Earth          4
   e - Lee's Rapid Deconstruction     Earth                        5
Comestibles
 f - 5 bread rations
 q - a royal jelly
 s - 4 meat rations


   Skills:
 - Level 5.3 Fighting
 - Level 5.8 Maces & Flails
 - Level 6.1 Crossbows
 - Level 4.0 Armour
 - Level 5.2 Dodging
 + Level 3.1 Unarmed Combat
 + Level 3.2 Spellcasting
 - Level 3.2 Hexes
 * Level 4.6 Transmutations
 * Level 4.4 Earth Magic
 - Level 3.8 Invocations


You had 5 spell levels left.
You knew the following spells:

 Your Spells              Type           Power        Failure   Level  Hunger
a - Corona                Hex            ##.....      16%         1    None
b - Slow                  Hex            ##......     22%         2    ##.....
c - Passwall              Tmut/Erth      ###.......   14%         2    ##.....
d - Lee's Rapid Deconstr  Erth           ###.......   95%         5    ######.


Dungeon Overview and Level Annotations

Branches:
Dungeon (9/15)             Temple (1/1) D:5             Orc (0/2) D:9
   Lair: D:8-11

Altars:
Ashenzari
Cheibriados
Dithmenos
Elyvilon
Fedhas
Gozag
Hepliaklqana
Kikubaaqudgha
Makhleb
Nemelex Xobeh
Qazlal
Ru
Sif Muna
Trog
Uskayaw
Vehumet
Wu Jian
Xom
Yredelemnul
Zin
The Shining One

Shops:
D:6 :   D:8 :

Annotations:
D:7 sergedm's ghost, novice DECj


Innate Abilities, Weirdness & Mutations

Shadows flee at your approach. (+LOS)
You can swim through water.
You cover ground slowly.
You can hop short distances.
Your life essence is reduced to manifest your ancestor. (-10% HP)


Message History

An orc warrior comes into view. It is wielding a dire flail.
The orc warrior shouts!
An orc comes into view. It is wielding a club.
The orc shouts!
An orc comes into view. It is wielding a flail.
The orc shouts!
An orc wizard comes into view. It is wielding a dagger.
The orc wizard shouts!
An orc comes into view. It is wielding a short sword.
The orc shouts!
An iguana comes into view.
The iguana hisses angrily.
An orc comes into view. It is wielding a hand axe.
The orc shouts!
A gnoll comes into view. It is wielding a whip.
The gnoll shouts!
A gnoll comes into view. It is wielding a flail.
The gnoll shouts!
The orc warrior throws a tomahawk.
The tomahawk hits you.
You die...

##########
#####........##..
o................
o...g............
.....g..@.?......
l.ogo............
.....>.Z.........
.o...o.......#...
.o..oo......## ##
o...........#
......o......
....>.#..##.##
....#>.... .#


You could see 2 orc warriors, an iguana, an orc priest, 2 orc wizards, 3 gnolls,
6 orcs and a water moccasin skeleton.

Vanquished Creatures
  Prince Ribbit (D:6)
  Edmund (D:5)
  3 ice beasts
  2 ogres (D:5)
  3 centaurs
  A bullfrog (D:9)
  A howler monkey (D:7)
  2 hounds (D:5)
  2 jellies
  An orc priest (D:9)
  A centaur skeleton (D:5)
  2 orc wizards
  A bullfrog skeleton (D:5)
  A gnoll shaman (D:5)
  An iguana (D:7)
  5 worker ants
  A worker ant zombie (D:9)
  6 adders
  8 gnolls
  A shadow imp (D:6)
  An ooze (D:2)
  2 worms (D:3)
  A dart slug (D:4)
  4 leopard geckos
  6 orcs
  2 giant cockroaches
  2 goblins
  2 hobgoblins
  10 jackals
  6 kobolds
  2 quokkas
  A ball python (D:3)
  A ball python skeleton (D:4)
  2 bats (D:2)
  A frilled lizard (D:4)
  A rat (D:4)
88 creatures vanquished.

Vanquished Creatures (collateral kills)
  A tengu warrior (D:9)
  Sigmund (D:5)
  A wyvern (D:7)
  An ice beast (D:7)
  A black bear (D:6)
  2 ogres (D:6)
  A centaur (D:7)
  Blork the orc (D:5)
  A scorpion (D:6)
  A bullfrog zombie (D:6)
  A crimson imp (D:5)
  2 hounds
  An orc wizard (D:6)
  2 worker ants
  The ghost of 4thArraOfDagon the Vexing, a weakling BaAM (D:5)
  A gnoll (D:6)
  3 adders
  A dart slug (D:1)
  3 leopard geckos
  5 orcs
  2 giant cockroaches
  4 goblins
  4 hobgoblins
  2 jackals (D:1)
  2 kobolds (D:3)
  A bat (D:3)
  A rat (D:1)
47 creatures vanquished.

Vanquished Creatures (others)
  3 ancestors (D:5)
  3 knights
6 creatures vanquished.

Grand Total: 141 creatures vanquished

Notes
Turn   | Place    | Note
-------+----------+-------------------------------------------
     0 | D:1      | 4thArraOfDagon the Barachi Arcane Marksman began the quest for the Orb.
     0 | D:1      | Reached XP level 1. HP: 15/15 MP: 2/2
   142 | D:3      | Noticed an orc wizard
   142 | D:3      | Noticed an orc wizard
   151 | D:2      | Reached XP level 2. HP: 21/21 MP: 3/3
   159 | D:2      | Reached skill level 3 in Crossbows
   159 | D:2      | Reached XP level 3. HP: 6/26 MP: 4/4
   206 | D:2      | Learned a level 2 spell: Slow
   208 | D:2      | Reached skill level 4 in Crossbows
   208 | D:2      | Reached XP level 4. HP: 13/32 MP: 5/5
   427 | D:4      | Reached skill level 5 in Crossbows
   590 | D:4      | Reached XP level 5. HP: 28/37 MP: 6/6
   670 | D:5      | Entered Level 5 of the Dungeon
   817 | D:5      | Found a staircase to the Ecumenical Temple.
   828 | Temple   | Entered the Ecumenical Temple
   835 | Temple   | Became a worshipper of Hepliaklqana the Forgotten
   914 | D:4      | Reached skill level 6 in Crossbows
   914 | D:4      | Reached XP level 6. HP: 37/38 MP: 7/7
  1071 | D:3      | Reached skill level 1 in Armour
  1363 | D:2      | Reached skill level 1 in Invocations
  1618 | D:1      | Reached * piety under Hepliaklqana
  2236 | D:5      | Noticed Blork the orc
  2251 | D:5      | Killed Blork the orc
  2394 | D:5      | Reached XP level 7. HP: 33/45 MP: 8/8
  2447 | D:5      | Noticed Edmund
  2450 | D:5      | Noticed 4thArraOfDagon's ghost (weakling BaAM)
  2460 | D:5      | Killed Edmund
  2472 | D:5      | Killed 4thArraOfDagon's ghost
  2536 | D:5      | Reached skill level 1 in Maces & Flails
  2646 | D:5      | Noticed Sigmund
  2768 | D:5      | Killed Sigmund
  2768 | D:5      | Reached XP level 8. HP: 36/54 MP: 9/9
  3042 | D:5      | Got a smelly scale mail
  3072 | D:5      | Identified the +5 scale mail of Dyspraxia {rElec} (You took it off a gnoll on level 5 of the Dungeon)
  3107 | D:5      | Learned a level 2 spell: Passwall
  3118 | D:5      | Reached ** piety under Hepliaklqana
  3121 | D:4      | Remembered your ancestor Decima as a knight
  3229 | D:6      | Found a radiant altar of Vehumet.
  3237 | D:6      | Found a glowing golden altar of the Shining One.
  3352 | D:6      | Reached skill level 5 in Maces & Flails
  3356 | D:6      | Noticed Prince Ribbit
  3375 | D:6      | Killed Prince Ribbit
  3375 | D:6      | Reached skill level 5 in Fighting
  3375 | D:6      | Reached skill level 5 in Dodging
  3375 | D:6      | Reached XP level 9. HP: 45/61 MP: 11/11
  3516 | D:6      | Found Aginufuc's Book Shoppe.
  3576 | D:6      | Found an ancient bone altar of Kikubaaqudgha.
  3576 | D:6      | Found a snail-covered altar of Cheibriados.
  3576 | D:6      | Found a glowing silver altar of Zin.
  3757 | D:6      | Reached skill level 1 in Transmutations
  3757 | D:6      | Reached skill level 1 in Earth Magic
  3781 | D:7      | Reached skill level 1 in Unarmed Combat
  3870 | D:7      | Found a blossoming altar of Fedhas.
  3875 | D:7      | Noticed sergedm's ghost (novice DECj)
  3987 | D:8      | Learned a level 5 spell: Lee's Rapid Deconstruction
  4011 | D:8      | Found Taop's Book Boutique.
  4076 | D:8      | Noticed a two-headed ogre
  4097 | D:9      | Noticed a troll
  4103 | D:9      | Noticed a tengu warrior
  4143 | D:9      | Killed a tengu warrior
  4143 | D:9      | Reached XP level 10. HP: 6/66 MP: 12/14
  4146 | D:9      | HP: 2/66 [wyvern skeleton (2)]
  4152 | D:9      | Found a staircase to the Orcish Mines.
  4152 | D:9      | Hit by a tomahawk thrown by an orc warrior

Vault maps used:
D:1:      shiori_shiawase
D:2:      first_bread
D:5:      temple_hall, uniq_sigmund, uniq_edmund, uniq_blork_the_orc
D:6:      gammafunk_temple_overflow_forgotten, gammafunk_temple_overflow_pools,
          serial_shops, kennysheep_mini_moat, uniq_prince_ribbit1
D:7:      overflow_temple_1_default, hangedman_abyss_or_decor_jellyfish_corner
D:8:      old_standard_altar, serial_shops, nicolae_shop_statue_plus,
          shop_coins, shop_statue
D:9:      minmay_quarter_circles, david_orc_3, serial_shops, shop, the_bakery,
          kb_rosetta, uniq_maurice, uniq_erica
Temple:   nicolae_temple_no_exploring_needed

Skill      XL: |  1  2  3  4  5  6  7  8  9 |
---------------+----------------------------+-----
Crossbows      | 3 4 5 6 |  6.1
Armour         | 2 3 4 |  4.0
Invocations    | 1 2 3 |  3.8
Fighting       | 2 3 5 |  5.3
Dodging        | 3 4 5 |  5.2
Maces & Flails | 2 5 |  5.8
Transmutations | 4 |  4.6
Earth Magic    | 4 |  4.4
Unarmed Combat | 3 |  3.1
Spellcasting   | 3 |  3.2
Hexes          | |  3.2

Action                   |  1- 3 |  4- 6 |  7- 9 | 10-12 || total
-------------------------+-------+-------+-------+-------++-------
Melee: Unarmed           |       |    48 |       |       ||    48
       Halberd           |       |       |    24 |       ||    24
       Whip              |       |       |    62 |       ||    62
       Dire flail        |       |       |    77 |     3 ||    80
 Fire: Hand crossbow     |    19 |   146 |    96 |       ||   261
Invok: Recall Ancestor   |       |     1 |     1 |       ||     2
       Ancestor Life: Kn |       |       |     1 |       ||     1
 Abil: Hop               |       |     3 |     5 |       ||     8
Evoke: Wand              |       |       |     1 |       ||     1
  Use: Scroll            |       |     8 |     7 |     1 ||    16
       Potion            |       |       |     8 |       ||     8
  Eat: Chunk             |       |     3 |     3 |       ||     6
       Royal jelly       |       |     1 |     2 |       ||     3
       Fruit             |       |       |     3 |       ||     3
Armor: Chain mail        |       |    71 |    13 |       ||    84
       Leather armour    |       |     4 |       |       ||     4
       Scale mail        |       |       |    95 |       ||    95
       Skin              |       |       |   104 |     3 ||   107
Dodge: Dodged            |     9 |    53 |   173 |     2 ||   237
Block: Other             |       |    19 |    23 |       ||    42
       Reflection        |       |     1 |     1 |       ||     2

Table legend:
 A = Spawn XP
 B = Non-spawn XP
 C = Spawn XP percentage of total XP
 D = Spawn monster count
 E = Non-spawn monster count
 F = Spawn count percentage of total count
 G = Total turns spent on level
                    A         B        C        D         E        F      G
               +---------+---------+-------+---------+---------+-------+---------
         Total |       0 |    5022 |   0.0 |       0 |     135 |   0.0 |  4152
               +---------+---------+-------+---------+---------+-------+---------
           D:1 |       0 |      35 |   0.0 |       0 |      17 |   0.0 |   408
           D:2 |       0 |     142 |   0.0 |       0 |      19 |   0.0 |   620
           D:3 |       0 |     124 |   0.0 |       0 |      23 |   0.0 |   424
           D:4 |       0 |      87 |   0.0 |       0 |       7 |   0.0 |   564
           D:5 |       0 |    1431 |   0.0 |       0 |      31 |   0.0 |  1135
           D:6 |       0 |    1070 |   0.0 |       0 |      19 |   0.0 |   558
           D:7 |       0 |     734 |   0.0 |       0 |      10 |   0.0 |   237
           D:8 |       0 |     169 |   0.0 |       0 |       2 |   0.0 |   124
           D:9 |       0 |    1230 |   0.0 |       0 |       7 |   0.0 |    67
               +---------+---------+-------+---------+---------+-------+---------
